 Dungeon Crawl Stone Soup version 0.31.0-11-ge490571c62 (webtiles) character file.

Game seed: 9404778163476221354

21 browni3141 the Slasher (level 2, -2/24 HPs)
             Began as a Barachi Monk on Feb 2, 2024.
             Incinerated by a bombardier beetle (6 damage)
             ... with a burning spray
             ... on level 5 of the Dungeon.
             The game lasted 00:01:42 (297 turns).

browni3141 the Slasher (Barachi Monk)                Turns: 297, Time: 00:01:42

Health: -2/24      AC: 12    Str: 12    XL:     2   Next: 83%
Magic:  5/5        EV:  6    Int: 10    God:
Gold:   25         SH:  0    Dex: 14    Spells: 5/5 levels left

rFire   . . .        a - +0 falchion
rCold   . . .        d - orb {light}
rNeg    . . .        h - +4 chain mail
rPois   .            (no helmet)
rElec   .            (no cloak)
rCorr   .            (no gloves)
SInv    .            (no boots)
Will    .....        (no amulet) Stlth
                     (no ring)
HPRegen 0.24/turn    (no ring)
MPRegen 0.09/turn

%: no passive effects
@: on fire, glowing, slow
A: amphibious, slowness 1, strong legs 1, +LOS
a: Hop


You were on level 5 of the Dungeon.
You visited 1 branch of the dungeon, and saw 5 of its levels.

You collected 25 gold pieces.

Inventory:

Hand Weapons
 a - a +0 falchion (weapon)
Missiles
 g - 5 poisoned darts
Armour
 b - a +0 robe
 d - an orb of light (worn)
 h - a +4 chain mail (worn)
Scrolls
 f - a scroll of enchant weapon {unknown}
 i - 2 scrolls of identify {unknown}
 j - a scroll of fog {unknown}
 k - a scroll of silence {unknown}
 l - a scroll of fear {unknown}
Potions
 c - a potion of ambrosia
 e - 2 potions of attraction {unknown}
 m - a potion of heal wounds {unknown}


   Skills:
 - Level 3.6 Fighting
 - Level 3.6 Long Blades
 - Level 3.2 Dodging
 * Level 2.3 Spellcasting


You had 5 spell levels left.
You didn't know any spells.
Your spell library was empty.

Dungeon Overview and Level Annotations

Branches:
Dungeon (5/15)
 Temple: D:4-7

Altars:


Innate Abilities, Weirdness & Mutations

You are amphibious.
You cover ground slowly.
You can hop short distances.
You have an extended range of vision and can be seen from far away.


Message History

Found a stone staircase leading down.
There is a stone staircase leading up here.
You slash the orc!
The orc is almost dead.
The orc closely misses you.
You hit the orc.
You kill the orc!
The orc completely misses you.
You hit the orc.
You kill the orc!
You hit the orc.
The orc is heavily wounded.
The orc hits you with a +0 club.
You barely miss the orc.
The orc is heavily wounded.
The orc closely misses you.
You barely miss the orc.
The orc is heavily wounded.
The orc hits you with a +0 club.
You hit the orc.
The orc is heavily wounded.
The orc hits you but does no damage.
You slash the orc!
You kill the orc!
No target in view!
Items here: ))) [ †.
You see here a scroll labelled WUSONU JARAAK.
i - 2 scrolls labelled WUSONU JARAAK (gained 1)
There is a stone staircase leading down here.
You climb downwards.
There is a stone staircase leading up here.
You see here a +0 rapier.
There is a stone staircase leading up here.
Hop to where?
Press: ? - help, Dir - move target Boing!
You see here a scroll labelled ETAFUCR PESAXU.
k - a scroll labelled ETAFUCR PESAXU
There is a stone staircase leading up here.
You climb upwards.
There is a stone staircase leading down here.
A phantom comes into view.
Found an escape hatch in the ceiling.
There is a stone staircase leading down here.
You climb downwards.
There is a stone staircase leading up here.
You see here a scroll labelled IWAHYEFFINK.
l - a scroll labelled IWAHYEFFINK You see here a bubbling inky potion.
m - a bubbling inky potion A bombardier beetle comes into view.
You hit the bombardier beetle.
The bombardier beetle is lightly wounded.
The bombardier beetle closely misses you.
You hit the bombardier beetle but do no damage.
The bombardier beetle is lightly wounded.
You hit the bombardier beetle but do no damage.
The bombardier beetle is lightly wounded.
The bombardier beetle bites you but does no damage.
You hit the bombardier beetle but do no damage.
The bombardier beetle is lightly wounded.
You are ready to hop once more.
The bombardier beetle closely misses you.
You barely miss the bombardier beetle.
The bombardier beetle is lightly wounded.
You hit the bombardier beetle but do no damage.
The bombardier beetle is lightly wounded.
The bombardier beetle bites you but does no damage.
You hit the bombardier beetle.
The bombardier beetle is lightly wounded.
The bombardier beetle barely misses you.
You hit the bombardier beetle.
The bombardier beetle is heavily wounded.
You hit the bombardier beetle but do no damage.
The bombardier beetle is heavily wounded.
The bombardier beetle closely misses you.
You slash the bombardier beetle!
The bombardier beetle is almost dead.
The bombardier beetle sprays incendiary fluid at you.
The burning spray hits you.
You are covered in liquid fire!
You hit the bombardier beetle but do no damage.
The bombardier beetle is almost dead.
The liquid fire burns you!
You hit the bombardier beetle but do no damage.
The bombardier beetle is almost dead.
The liquid fire burns you!
The bombardier beetle barely misses you.
You hit the bombardier beetle but do no damage.
The bombardier beetle is almost dead.
The liquid fire burns you!
The bombardier beetle sprays incendiary fluid at you.
The burning spray misses you.
You hit the bombardier beetle but do no damage.
The bombardier beetle is almost dead.
The liquid fire burns you!
You barely miss the bombardier beetle.
The bombardier beetle is almost dead.
The liquid fire burns you!
You die...

## . # ######
.....# # ####.# .#
# #.# #.# # #.#
#########B.# #
#.####.......@.#
####......#######.#
.....###### .#
###..# .# #..# .#
#..# .# #... #.
#..# # ....


You could see a bombardier beetle.

Vanquished Creatures
  An adder (D:3)
  3 orcs (D:4)
  A bat (D:3)
  A hobgoblin (D:3)
  A ball python (D:2)
  A frilled lizard (D:2)
  A kobold (D:3)
9 creatures vanquished.

Notes
Turn   | Place    | Note
-------+----------+-------------------------------------------
     0 | D:1      | browni3141 the Barachi Monk began the quest for the Orb.
     0 | D:1      | Reached XP level 1. HP: 18/18 MP: 1/1
   113 | D:3      | Reached skill level 1 in Spellcasting
   187 | D:3      | Reached XP level 2. HP: 10/24 MP: 3/5
   214 | D:5      | Entered Level 5 of the Dungeon
   230 | D:4      | Noticed a phantom
   281 | D:5      | Noticed a bombardier beetle
   297 | D:5      | Incinerated by a bombardier beetle

Illustrated notes

Levels and vault maps discovered:
D:1:      hellmonk_arrival_library, layout_rooms, minmay_gold_behind_fungi,
          st_stairs_14
D:2:      layout_rooms, shapermc_ecumenical_altar_mp_highgroup, serial_shops,
          shop_scrolls, dk_noncrumbling_2, uniq_sigmund
D:3:      layout_loops_ring, marbit_many_paths
D:4:      layout_loops_ring, xom_butterflies, temple_hall_moat, serial_shops,
          nicolae_shop_tiny_statue_garden, nicolae_shop_trees,
          nicolae_shop_crystal, nicolae_shop_tiny_waterfront,
          nicolae_shop_competitors_out_of_business, uniq_menkaure
D:5:      layout_loops_ring, elyvilon_altar_3

Skill      XL: |  1 |
---------------+----+-----
Spellcasting   | 2 |  2.3
Fighting       | |  3.6
Long Blades    | |  3.6
Dodging        | |  3.2

Action                     || total
---------------------------++-------
  Melee: Falchion          ||    48
Ability: Hop               ||     2
 Armour: Chain mail        ||    19
         Robe              ||     7
  Dodge: Dodged            ||    28
